 Dungeon Crawl Stone Soup version 0.25.1-2-g60ff931df9 (webtiles) character file.

Game seed: 8957762406863302461

26432 MajorAdolf the Cleaver (level 13, -3/115 HPs)
             Began as a Naga Wanderer on Oct 8, 2020.
             Was an Initiate of Gozag.
             Slain by a large abomination (9 damage)
             ... on level 2 of the Abyss.
             The game lasted 00:31:54 (18222 turns).

MajorAdolf the Cleaver (Naga Wanderer)             Turns: 18222, Time: 00:31:54

Health: -3/115     AC: 16    Str: 25    XL:     13   Next: 26%
Magic:  0/12       EV: 11    Int: 15    God:    Gozag
Gold:   1251       SH: 12    Dex:  9    Spells: 12/12 levels left

rFire    + . .     SeeInvis +   P - +3 war axe (elec)
rCold    . . .     Gourm    .   x - +0 kite shield
rNeg     + + .     Faith    .   N - +3 chain mail of Indemnity {rF+ rN+ MP-9}
rPois    +         Spirit   +   (no helmet)
rElec    .         Reflect  .   (no cloak)
rCorr    .         Harm     .   M - +2 pair of gloves {Str+3}
MR       +....                  (no barding)
Stlth    ..........             v - amulet of guardian spirit
HPRegen  0.29/turn              f - +4 ring of evasion
MPRegen  0.13/turn              S - ring "Plog" {+Blink rN+ Str+3 Slay+4}

@: about to teleport, studying Short Blades, very slow
A: large, see invisible, deformed body, poison resistance, slowness 2, slow
metabolism 1, spit poison 1, constrict 1, AC +4
a: Spit Poison, Potion Petition, Call Merchant, Bribe Branch, Renounce Religion,
Evoke Blink


You were on level 2 of the Abyss.
You worshipped Gozag.
Gozag was most pleased with you.
You were not hungry.

You visited 3 branches of the dungeon, and saw 17 of its levels.
You visited the Abyss 1 time.
You also visited: Ossuary and Bailey.

You collected 4153 gold pieces.
You spent 1594 gold pieces at shops.
You paid 1308 gold pieces to Gozag.

Inventory:

Hand Weapons
 s - a +1 vorpal broad axe
 y - the +8 hand axe "Uceh" {vorpal, rPois MR- Str+4, unknown}
   (You found it on level 2 of the Abyss)

   It inflicts extra damage upon your enemies.
   It affects your strength (+4).
   It protects you from poison.
   It affects your resistance to hostile enchantments.
 P - a +3 war axe of electrocution (weapon)
Missiles
 j - 22 poisoned darts (quivered)
 O - 6 throwing nets
Armour
 x - a +0 kite shield (worn)
 M - a +2 pair of gloves of strength (worn)
 N - the +3 chain mail of Indemnity (worn) {rF+ rN+ MP-9}
   (You bought it in a shop on level 7 of the Dungeon)

   It protects you from fire.
   It protects you from negative energy.
   It affects your magic capacity (-9).
 X - a +2 robe of cold resistance
Jewellery
 f - a +4 ring of evasion (left hand)
 v - an amulet of guardian spirit (around neck)
 S - the ring "Plog" (right hand) {+Blink rN+ Str+3 Slay+4}
   (You bought it in a shop on level 10 of the Dungeon)

   [ring of slaying]

   It affects your strength (+3).
   It affects your accuracy and damage with ranged weapons and melee attacks
   (+4).
   It protects you from negative energy.
   It lets you blink.
 W - an uncursed ring of ice
Wands
 b - a wand of disintegration (7)
 m - a wand of flame (38)
 q - a wand of random effects (41)
 r - a wand of paralysis (7)
 H - a wand of clouds (7)
 K - a wand of acid (22)
Scrolls
 a - a scroll of brand weapon
 c - a scroll of fog
 e - 4 scrolls of remove curse
 g - 7 scrolls of identify
 h - 2 scrolls of magic mapping
 k - 2 scrolls of teleportation
 D - a scroll of blinking
 E - 5 scrolls of enchant armour
 G - a scroll of amnesia
 R - 3 scrolls of enchant weapon
Potions
 i - 2 potions of invisibility
 l - 2 potions of cancellation
 n - 4 potions of brilliance
 o - 2 potions of magic {unknown}
 p - a potion of berserk rage {unknown}
 t - 2 potions of ambrosia {unknown}
 u - 4 potions of lignification
 z - 8 potions of curing
 A - 4 potions of flight {unknown}
 C - a potion of heal wounds {unknown}
 I - 2 potions of resistance {unknown}
 L - 2 potions of haste
 Q - 2 potions of stabbing {unknown}
 T - a potion of mutation {unknown}
 U - 3 potions of might
Books
 w - a manual of Short Blades
Comestibles
 d - 24 rations


   Skills:
 + Level 7.3 Fighting
 + Level 12.4 Axes
 + Level 5.1 Armour
 + Level 3.3 Dodging
 - Level 1.5 Stealth
 + Level 10.2 Shields
 + Level 10.6 Evocations


You had 12 spell levels left.
You didn't know any spells.
Your spell library contained the following spells:

 Spells                   Type           Power        Failure   Level  Hunger
 Corona                   Hex            #......      86%         1    ##.....
 Infusion                 Chrm           #...         86%         1    ##.....
 Magic Dart               Conj           #...         86%         1    ##.....
 Ensorcelled Hibernation  Hex/Ice        #.....       95%         2    ###....
 Searing Ray              Conj           #.....       95%         2    ###....
 Shroud of Golubria       Chrm/Tloc      #.....       95%         2    ###....
 Song of Slaying          Chrm           #.......     95%         2    ###....
 Confusing Touch          Hex            #.......     99%         3    ####...
 Dazzling Flash           Conj/Hex       #.....       99%         3    ####...
 Ozocubu's Armour         Chrm/Ice       #.......     99%         3    ####...
 Spectral Weapon          Hex/Chrm       #.......     99%         3    ####...
 Tukima's Dance           Hex            #.......     99%         3    ####...
 Fulminant Prism          Conj/Hex       #.........   100%        4    #####..
 Iskenderun's Mystic Bla  Conj/Tloc      #.......     100%        4    #####..


Dungeon Overview and Level Annotations

Branches:
Dungeon (12/15)            Temple (1/1) D:5            Lair (4/6) D:11
 Shoals (0/4) Lair:2       Spider (0/4) Lair:3      Ossuary (visited)
 Bailey (visited)
    Orc: D:9-12

Altars:
Ashenzari
Cheibriados
Dithmenos
Elyvilon
Fedhas
Gozag
Hepliaklqana
Kikubaaqudgha
Makhleb
Nemelex Xobeh
Okawaru
Qazlal
Ru
Sif Muna
Trog
Uskayaw
Vehumet
Wu Jian
Xom
Yredelemnul
Zin
The Shining One

Shops:
D:7 [   D:9 (   D:10 =   Lair:3 [

Annotations:
D:8 2 transporters, Jaiteiro's ghost, novice VSEn
D:12 Azrael; lorenzova's ghost, journeyman DECj
Lair:4 Sonja


Innate Abilities, Weirdness & Mutations

You cannot wear boots.
Your serpentine skin is tough. (AC +4)
You have supernaturally acute eyesight. (SInv)
Armour fits poorly on your strangely shaped body.
Your system is resistant to poisons. (rPois)
You cover ground very slowly.
You have a slow metabolism.
You can spit poison.
You can use your snake-like lower body to constrict enemies.


Message History

You feel strangely unstable.
You feel the power of the Abyss delaying your translocation!
The thrashing horror roars!
The thrashing horror tramples you but does no damage.
You block the thrashing horror's attack.
The wretched star glows turbulently.
The lance of force misses you.
The thrashing horror roars!
You block the thrashing horror's attack. x2
The wretched star glows turbulently.
The lance of force hits you!!
You are knocked back by the lance of force.
The large abomination hits you!!
* * * LOW HITPOINT WARNING * * *
The thrashing horror roars!
The large abomination hits you!!
* * * LOW HITPOINT WARNING * * *
The large abomination hits you!
You die...
Your body crumbles into a pile of gold.

#... ... # .. ###
# .##.# .... #
#.#.. ..... ..#..
#......
#.#..###.... .
#.## .##..#..# .
.#.# ..###@..# $
#...#*# ##..X.#
## ##.####.....##
.. ..
#..#.*X.###.#
#####....####.#.#
# .#.....####
##... ...# ....#.
#.# #.#
...#.....##. . ..
...#.....#...# #
##.


You could see a wretched star, a thrashing horror and a large abomination.

Vanquished Creatures
  Fannar (D:10)
  A hydra (Lair:3)
  A two-headed ogre (D:8)
  Urug (D:11)
  A manticore (D:10)
  Maurice (D:10)
  A black mamba (Lair:3)
  A torpor snail (Lair:3)
  2 spiny frogs
  Psyche (D:9)
  3 komodo dragons
  2 rime drakes
  A freezing wraith (D:10)
  2 large abominations (Abyss:2)
  3 jumping spiders (Lair:3)
  A hornet (Lair:3)
  A polar bear (Lair:3)
  Prince Ribbit (Lair:2)
  4 dream sheep (Lair:3)
  9 blink frogs
  2 slime creatures (D:12)
  5 hippogriffs
  A redback (Lair:3)
  A spriggan (D:7)
  A shadow (D:11)
  A wraith (D:11)
  A fire elemental (D:12)
  18 yaks
  2 basilisks (Lair:3)
  A hungry ghost (D:9)
  An acid dragon (D:9)
  4 water moccasins
  3 hell hounds (D:12)
  10 porcupines
  7 orc warriors
  3 ice beasts
  A hornet zombie (D:5)
  2 phantoms
  8 black bears
  5 ogres
  A necrophage (D:10)
  16 centaurs
  13 wolves
  6 crocodiles
  4 big kobolds
  7 bullfrogs
  8 gnoll sergeants (Bailey)
  2 wyvern skeletons
  5 scorpions
  4 howler monkeys
  2 electric eels
  4 crimson imps
  A centaur zombie (D:6)
  4 orc priests
  A quasit (D:9)
  3 bullfrog zombies
  9 hounds
  5 jellies
  16 orc wizards
  6 gnoll shamans (Bailey)
  Jessica (D:2)
  A bullfrog skeleton (D:7)
  2 iguanas
  Natasha (thrice) (D:4)
  6 worker ants
  2 big kobold zombies (Ossuary)
  A hound zombie (D:8)
  2 hound skeletons (D:6)
  8 mummies (Ossuary)
  4 worker ant zombies
  A howler monkey skeleton (D:4)
  A howler monkey zombie (D:6)
  26 adders
  26 gnolls
  3 shadow imps
  3 adder skeletons
  2 worms (D:2)
  6 dart slugs
  6 leopard geckos
  62 orcs
  2 giant cockroaches
  7 goblins
  5 hobgoblins
  2 jackals (D:7)
  3 quokkas
  9 bats
  4 frilled lizards
  3 gnoll zombies (Ossuary)
  2 hobgoblin zombies (Ossuary)
  A jackal zombie (D:8)
  22 kobolds
  A kobold zombie (Ossuary)
  A leopard gecko zombie (D:7)
  A quokka skeleton (D:4)
  9 rats
  4 fungi
  4 plants
478 creatures vanquished.

Vanquished Creatures (others)
  A ball python (D:6)
  33 fungi
  18 plants
  15 starspawn tentacles (Abyss:2)
67 creatures vanquished.

Grand Total: 545 creatures vanquished

Notes
Turn   | Place    | Note
-------+----------+-------------------------------------------
     0 | D:1      | MajorAdolf the Naga Wanderer began the quest for the Orb.
     0 | D:1      | MajorAdolf set off with the following items: a +0 mace, a
                  | +2 scale mail, a +0 spear, a ration
     0 | D:1      | Reached XP level 1. HP: 25/25 MP: 1/1
   225 | D:1      | Reached XP level 2. HP: 31/32 MP: 2/2
  1062 | D:2      | Reached XP level 3. HP: 15/39 MP: 3/3
  1499 | D:2      | Found a hazy altar of Hepliaklqana.
  1608 | D:2      | Found a blossoming altar of Fedhas.
  1682 | D:2      | Noticed Jessica
  1691 | D:2      | Killed Jessica
  1691 | D:2      | Reached XP level 4. HP: 17/48 MP: 4/4
  2692 | D:2      | Reached XP level 5. HP: 13/55 MP: 5/5
  3028 | D:3      | Reached skill level 1 in Axes
  3231 | D:3      | Reached skill level 2 in Axes
  3381 | D:3      | Found a faded altar of an unknown god.
  3809 | D:4      | Reached skill level 3 in Axes
  3922 | D:4      | Reached XP level 6. HP: 57/62 MP: 6/6
  4053 | D:4      | Noticed Natasha
  4194 | D:4      | Killed Natasha
  4194 | D:4      | Reached skill level 4 in Axes
  4294 | D:4      | Noticed Natasha
  4299 | D:4      | Killed Natasha
  4352 | D:4      | Noticed Natasha
  4361 | D:4      | Killed Natasha
  4428 | D:4      | Found a sacrificial altar of Ru.
  4497 | D:4      | Reached XP level 7. HP: 55/68 MP: 7/7
  4813 | D:5      | Entered Level 5 of the Dungeon
  4823 | D:5      | Reached skill level 5 in Axes
  4830 | D:5      | Found a sand-covered staircase.
  4839 | Ossuary  | Entered an ossuary
  5275 | D:5      | Reached XP level 8. HP: 67/76 MP: 8/8
  5292 | D:5      | Reached skill level 6 in Axes
  5491 | D:5      | Found a hide-covered altar of Uskayaw.
  5615 | D:5      | Found a staircase to the Ecumenical Temple.
  6141 | Temple   | Entered the Ecumenical Temple
  6385 | Temple   | Became a worshipper of Gozag Ym Sagoz the Greedy
  6467 | D:6      | Found a stormy altar of Qazlal.
  6812 | D:6      | Reached skill level 1 in Evocations
  6834 | D:6      | Reached skill level 7 in Axes
  6861 | D:6      | Reached skill level 5 in Shields
  7152 | D:6      | Reached XP level 9. HP: 82/82 MP: 10/10
  7515 | D:7      | Found Gimpasot's Antique Armour Emporium.
  7526 | D:7      | Bought a pair of runed gloves for 210 gold pieces
  7526 | D:7      | Bought a faintly humming chain mail for 266 gold pieces
  7526 | D:7      | Identified the +3 chain mail of Indemnity {rF+ rN+ MP-9}
                  | (You bought it in a shop on level 7 of the Dungeon)
  7591 | D:7      | Found a flagged portal.
  7642 | Bailey   | Entered a bailey
  7890 | Bailey   | Reached skill level 8 in Axes
  8615 | Bailey   | Identified the +3 mace of Ashenzari's Grace {vorpal, Str+3}
  8898 | D:7      | Reached skill level 5 in Evocations
  9214 | D:7      | Found a snail-covered altar of Cheibriados.
  9290 | D:7      | Found a sparkling altar of Nemelex Xobeh.
  9293 | D:7      | Found a glowing silver altar of Zin.
  9296 | D:7      | Found a bloodstained altar of Trog.
  9439 | D:7      | Reached XP level 10. HP: 88/91 MP: 3/14
  9693 | D:7      | Reached skill level 9 in Axes
  9800 | D:8      | Noticed a two-headed ogre
  9809 | D:8      | Killed a two-headed ogre
 10553 | D:8      | Found a transporter.
 10554 | D:8      | Found a bloodstained altar of Trog.
 10556 | D:8      | Noticed Jaiteiro's ghost (novice VSEn)
 10557 | D:8      | Noticed a moth of wrath
 10561 | D:8      | Found a transporter.
 10614 | D:8      | Found a blossoming altar of Fedhas.
 11340 | D:9      | Found a burning altar of Makhleb.
 11369 | D:9      | Found Zeofayxid's Antique Weapon Boutique.
 11373 | D:9      | Noticed Psyche
 11382 | D:9      | Killed Psyche
 11596 | D:9      | Reached skill level 10 in Axes
 11754 | D:9      | Found a shimmering blue altar of Sif Muna.
 11754 | D:9      | Found an ancient bone altar of Kikubaaqudgha.
 11755 | D:9      | Found a shadowy altar of Dithmenos.
 11855 | D:9      | Reached XP level 11. HP: 97/97 MP: 7/16
 12122 | D:10     | Entered Level 10 of the Dungeon
 12123 | D:10     | Noticed a manticore
 12128 | D:10     | Killed a manticore
 12552 | D:10     | Bought the ring "Plog" {+Blink rN+ Str+3 Slay+4} for 1118
                  | gold pieces
 12575 | D:10     | Noticed Maurice
 12585 | D:10     | Killed Maurice
 13057 | D:10     | Noticed Fannar
 13122 | D:10     | Killed Fannar
 13541 | D:11     | Noticed a death knight
 13738 | D:12     | Noticed lorenzova's ghost (journeyman DECj)
 13801 | D:12     | Found a bloodstained altar of Trog.
 13831 | D:12     | Noticed Azrael
 13846 | D:12     | Reached skill level 11 in Axes
 14119 | D:11     | Noticed Urug
 14135 | D:11     | Killed Urug
 14218 | D:11     | Found a staircase to the Lair.
 14298 | D:11     | Reached XP level 12. HP: 104/104 MP: 8/19
 14355 | Lair:1   | Entered Level 1 of the Lair of Beasts
 15254 | Lair:2   | Found a gate leading to a gauntlet.
 15326 | Lair:2   | Found a staircase to the Shoals.
 15328 | Lair:2   | Reached skill level 1 in Dodging
 15337 | Lair:2   | Reached skill level 10 in Evocations
 16050 | Lair:3   | Noticed Prince Ribbit
 16061 | Lair:2   | Killed Prince Ribbit
 16067 | Lair:2   | Reached skill level 12 in Axes
 16455 | Lair:3   | Reached skill level 10 in Shields
 16613 | Lair:3   | Identified a scroll of acquirement
 16613 | Lair:3   | Acquired 380 gold pieces
 16706 | Lair:3   | Found a hole to the Spider Nest.
 16712 | Lair:3   | Gained mutation: You can use your snake-like lower body to
                  | constrict enemies. [Naga growth]
 16712 | Lair:3   | Reached XP level 13. HP: 87/114 MP: 7/20
 17663 | Lair:3   | Reached skill level 5 in Armour
 18071 | Lair:4   | Noticed Sonja
 18087 | Lair:4   | Cast into level 2 of the Abyss (Sonja)
 18137 | Abyss:2  | Noticed a bone dragon
 18145 | Abyss:2  | Found a corrupted altar of Lugonu.
 18163 | Abyss:2  | Noticed a tentacled starspawn
 18172 | Abyss:2  | Got an encrusted hand axe
 18222 | Abyss:2  | Slain by a large abomination

Illustrated notes

Levels and vault maps discovered:
D:1:      kilobyte_arrival_exit_the_forest, layout_loops_ring
D:2:      layout_loops_ring, lemuel_coloured_pillars_altar, lemuel_round_altar,
          due_unseen_surprise, uniq_jessica
D:3:      minmay_skewed_foursquare, layout_rooms,
          chequers_ecumenical_altar_simple, serial_bayou_pond_c
D:4:      layout_cave_pools, hangedman_ru_absence, minmay_manual_mares,
          uniq_natasha
D:5:      layout_rooms, marbit_many_paths, minmay_temple_entry_wispy,
          first_ration, lightli_ossuary_entry_decrepit_ruins
D:6:      layout_rooms, grunt_qazlal_clouds, kb_rosetta
D:7:      layout_loops_ring, cheibriados_altar_1, grunt_temple_overflow_diamond,
          serial_shops, nicolae_shop_trees, enter_bailey_7, the_bakery
D:8:      layout_basic, gammafunk_ghost_wrathful_warriors, fedhas_altar_2
D:9:      layout_loops_ring, bloody_makhleb, gammafunk_temple_overflow_claw,
          serial_shops, shop, uniq_psyche
D:10:     layout_rooms, uniq_fannar, uniq_maurice
D:11:     layout_loops_ring, due_lair_maze_entry_diamond, uniq_urug
D:12:     layout_roguey, orc_david_3, gammafunk_ghost_icy, serial_shops,
          nicolae_shop_waterfront, basic_altar, uniq_azrael
Temple:   jpeg_temple_island
Lair:1:   layout_chaotic_city, grunt_forest_small_clearings, st_stairs_8,
          infiniplex_staircase_pool
Lair:2:   layout_small_grid, minmay_shoals_entry_centaurs,
          gauntlet_entry_generic, grunt_megastairs_4
Lair:3:   minmay_lair_venomous_thicket, layout_regular_city,
          spider_nest_entry_a, gammafunk_lair_bear_cave, grunt_megastairs_1,
          infiniplex_staircase_pool_2, uniq_prince_ribbit2
Lair:4:   layout_cave_pods, ebering_ghost_rock_garden, kb_xom_exploding_sheep,
          uniq_sonja
Abyss:2:  base:
D:6

Skill      XL: |  1  2  3  4  5  6  7  8  9 10 11 12 13 |
---------------+----------------------------------------+-----
Armour         | 3 4 5 |  5.1
Axes           | 3 4 5 7 8 10 11 12 | 12.4
Shields        | 2 3 5 6 7 9 10 | 10.2
Evocations     | 2 5 7 9 10 | 10.6
Fighting       | 6 7 |  7.3
Dodging        | 2 3 |  3.3
Stealth        | |  1.5

Action                   |  1- 3 |  4- 6 |  7- 9 | 10-12 | 13-15 || total
-------------------------+-------+-------+-------+-------+-------++-------
Melee: Spear             |   106 |    24 |       |       |       ||   130
       Hand axe          |       |    22 |       |       |       ||    22
       Whip              |       |   171 |   652 |   134 |       ||   957
       War axe           |       |       |       |   669 |    74 ||   743
       Constrict         |       |       |       |       |    13 ||    13
Invok: Call Merchant     |       |       |       |     2 |       ||     2
 Abil: Spit Poison       |     5 |    14 |     4 |     1 |       ||    24
Evoke: Wand              |       |       |     2 |     6 |     4 ||    12
  Use: Scroll            |       |       |    14 |    17 |     2 ||    33
       Potion            |       |       |     1 |       |       ||     1
 Stab: Confused          |       |       |     1 |       |       ||     1
       Paralysed         |       |       |       |     6 |       ||     6
       Distracted        |       |       |       |     5 |     2 ||     7
  Eat: Chunk             |     2 |     7 |     6 |       |       ||    15
       Ration            |       |       |     3 |     7 |     1 ||    11
Armor: Scale mail        |    43 |   121 |   115 |       |       ||   279
       Skin              |       |       |    14 |       |       ||    14
       Chain mail        |       |       |    98 |   314 |    45 ||   457
Dodge: Dodged            |    33 |   135 |   197 |   215 |    47 ||   627
Block: Kite shield       |       |    16 |   285 |   443 |    89 ||   833
